 Dungeon Crawl Stone Soup version 0.30.0-3-ga4e48a9924 (webtiles) character file.

Game seed: 6970557212690972265

141 Irreverend the Digger (level 5, -9/28 HPs)
             Began as a Gargoyle Earth Elementalist on May 8, 2023.
             Mangled by Terence
             ... wielding a +0 flail
              (10 damage)
             ... on level 3 of the Dungeon.
             The game lasted 00:05:52 (2474 turns).

Irreverend the Digger (Gargoyle Earth Elementalist) Turns: 2474, Time: 00:05:52

Health: -9/28      AC:  6    Str: 11    XL:     5   Next: 24%
Magic:  4/10       EV: 11    Int: 18    God:
Gold:   158        SH:  0    Dex: 10    Spells: 10/11 levels left

rFire   . . .        c - +2 mace (drain)
rCold   . . .        (no shield)
rNeg    + . .        a - +0 robe
rPois   ∞            (no helmet)
rElec   +            (no cloak)
rCorr   .            (no gloves)
SInv    .            (no boots)
Will    +....        (no amulet)
Stlth   ++           f - ring of willpower
HPRegen 0.24/turn    (no ring)
MPRegen 0.12/turn

%: no passive effects
@: no status effects
A: sickness immunity, AC +4, negative energy resistance 1, electricity
resistance, torment resistance 1, petrification resistance
a: no special abilities


You were on level 3 of the Dungeon.
You visited 1 branch of the dungeon, and saw 3 of its levels.

You collected 158 gold pieces.

Inventory:

Hand Weapons
 c - a +2 mace of draining (weapon)
Armour
 a - a +0 robe (worn)
Jewellery
 f - a ring of willpower (left hand)
 m - a ring of protection from cold
Wands
 p - a wand of iceblast (5)
Scrolls
 e - 2 scrolls of poison {unknown}
 h - 2 scrolls of identify {unknown}
 i - a scroll of teleportation {unknown}
 j - a scroll of vulnerability {unknown}
 k - a scroll of immolation {unknown}
 l - a scroll of torment {unknown}
Potions
 b - a potion of magic
 d - a potion of cancellation {unknown}
 g - 3 potions of curing {unknown}
 n - a potion of berserk rage {unknown}
 o - a potion of heal wounds {unknown}


   Skills:
 - Level 1.5 Dodging
 - Level 2.1 Stealth
 + Level 3.6 Spellcasting
 - Level 1.0 Transmutations
 + Level 5.5 Earth Magic


You had 10 spell levels left.
You knew the following spells:

 Your Spells              Type           Power      Damage    Failure   Level
a - Sandblast             Erth           46%        2d11      1%          1

Your spell library contained the following spells:

 Spells                   Type           Power      Damage    Failure   Level
 Passwall                 Tmut/Erth      12%        N/A       6%          2
 Beastly Appendage        Tmut           12%        N/A       11%         1
 Stone Arrow              Conj/Erth      26%        3d8       14%         3
 Wereblood                Tmut           6%         N/A       16%         2
 Spider Form              Tmut/Pois      5%         N/A       36%         3
 Petrify                  Tmut/Erth      15%        N/A       36%         4


Dungeon Overview and Level Annotations

Branches:
Dungeon (3/15)

Altars:
Fedhas
Qazlal
Zin

Annotations:
D:3 Robin, Terence


Innate Abilities, Weirdness & Mutations

You are immune to sickness and miasma.
Your stone body is resilient. (AC +4)
You are immune to poison.
You resist negative energy. (rN+)
You are resistant to electric shocks. (rElec)
You are resistant to unholy torment.
You are immune to petrification.


Message History

Press: ? - help, Shift-Dir - straight line, f/p - Terence
Aim: Terence, wielding a +0 flail, wearing a +0 scale mail and carrying a wand of flame (7) (85% to hit)
The blast of sand hits Terence.
Terence is lightly wounded.
Terence zaps a wand.
The puff of flame hits you.
Casting: Sandblast (safe; 1% risk of failure)
Confirm with . or Enter, or press ? or * to list all spells.
Aiming: Sandblast (safe; 1% risk of failure)
Press: ? - help, Shift-Dir - straight line, f/p - Terence
Aim: Terence, wielding a +0 flail, wearing a +0 scale mail and carrying a wand of flame (6) (lightly wounded, 85% to hit)
The blast of sand hits Terence but does no damage.
Terence is lightly wounded.
Terence zaps a wand.
The puff of flame misses you.
Casting: Sandblast (safe; 1% risk of failure)
Confirm with . or Enter, or press ? or * to list all spells.
Aiming: Sandblast (safe; 1% risk of failure)
Press: ? - help, Shift-Dir - straight line, f/p - Terence
Aim: Terence, wielding a +0 flail, wearing a +0 scale mail and carrying a wand of flame (5) (lightly wounded, 85% to hit)
The blast of sand hits Terence but does no damage.
Terence is lightly wounded.
Terence hits you with a +0 flail. Terence closely misses you.
Casting: Sandblast (safe; 1% risk of failure)
Confirm with . or Enter, or press ? or * to list all spells.
Aiming: Sandblast (safe; 1% risk of failure)
Press: ? - help, Shift-Dir - straight line, f/p - Terence
Aim: Terence, wielding a +0 flail, wearing a +0 scale mail and carrying a wand of flame (5) (lightly wounded, 85% to hit)
The blast of sand hits Terence but does no damage.
Terence is lightly wounded.
Terence zaps a wand.
The puff of flame hits you!
Casting: Sandblast (safe; 1% risk of failure)
Confirm with . or Enter, or press ? or * to list all spells.
Aiming: Sandblast (safe; 1% risk of failure)
Press: ? - help, Shift-Dir - straight line, f/p - Terence
Aim: Terence, wielding a +0 flail, wearing a +0 scale mail and carrying a wand of flame (4) (lightly wounded, 85% to hit)
The blast of sand hits Terence.
Terence is moderately wounded.
Terence barely misses you.
Terence zaps a wand.
The puff of flame hits you!
* * * LOW HITPOINT WARNING * * *
Terence attacks as you move away! Terence hits you with a +0 flail!
You die...

#....
###..†.....####.).
#...>
#####..#.....#..
#.... ##.######....
#... #....# ####.
#. #.#### ##. .
###.# #.. .
######... #.#
###......#########
#.#
......@@..)......#
#.# ####S.
..##############.##
#.# .....#
#..####.# #
##......# #
####..## ####


You could see Terence.

Vanquished Creatures
  A scorpion (D:3)
  3 adders (D:2)
  A dart slug (D:3)
  5 orcs (D:3)
  4 ball pythons
  6 bats
  5 endoplasms
  3 giant cockroaches (D:1)
  2 goblins (D:2)
  3 hobgoblins
  5 quokkas
  A frilled lizard (D:1)
  4 kobolds
  A rat (D:3)
44 creatures vanquished.

Vanquished Creatures (others)
  A fungus (D:3)
1 creature vanquished.

Grand Total: 45 creatures vanquished

Notes
Turn   | Place    | Note
-------+----------+-------------------------------------------
     0 | D:1      | Irreverend the Gargoyle Earth Elementalist began the quest
                  | for the Orb.
     0 | D:1      | Reached XP level 1. HP: 10/10 MP: 3/3
   153 | D:1      | Reached skill level 4 in Earth Magic
   153 | D:1      | Reached XP level 2. HP: 15/15 MP: 1/5
   394 | D:1      | You fall into a shaft and drop 1 floor!
   564 | D:1      | Reached XP level 3. HP: 19/19 MP: 4/6
   766 | D:1      | Reached skill level 1 in Transmutations
  1939 | D:3      | Noticed Robin
  2036 | D:3      | Found a stormy altar of Qazlal.
  2042 | D:3      | Found a blossoming altar of Fedhas.
  2099 | D:3      | Reached XP level 4. HP: 21/24 MP: 5/8
  2166 | D:3      | Found a glowing silver altar of Zin.
  2205 | D:3      | Noticed a scorpion
  2211 | D:3      | Killed a scorpion
  2212 | D:3      | Reached skill level 5 in Earth Magic
  2212 | D:3      | Reached XP level 5. HP: 21/28 MP: 5/10
  2465 | D:3      | Noticed Terence
  2473 | D:3      | HP: 1/28 [Terence/puff of flame (11)]
  2474 | D:3      | Mangled by Terence

Illustrated notes

Levels and vault maps discovered:
D:1:      wander_arrival_desolate, layout_basic
D:2:      layout_basic, kennysheep_potato
D:3:      layout_rooms, grunt_temple_overflow_forces_of_nature,
          mainiacjoe_overflow_small_starburst, uniq_robin, uniq_terence

Skill      XL: |  1  2  3  4 |
---------------+-------------+-----
Earth Magic    | 4 5 |  5.5
Transmutations | 1 |  1.0
Spellcasting   | 3 |  3.6
Dodging        | |  1.5
Stealth        | |  2.1

Action                     |  1- 3 |  4- 6 || total
---------------------------+-------+-------++-------
  Melee: Mace              |     4 |     4 ||     8
   Cast: Sandblast         |    42 |    30 ||    72
 Armour: Robe              |     6 |    13 ||    19
  Dodge: Dodged            |    17 |    21 ||    38
